 Dungeon Crawl Stone Soup version 0.19-a0-1686-g35356ef (webtiles) character file.

17 Flanowski the Insei (level 2, -1/14 HPs)
             Began as a Vine Stalker Transmuter on Sept 25, 2016.
             Slain by an adder (3 damage)
             ... on level 2 of the Dungeon.
             The game lasted 00:00:50 (919 turns).

Flanowski the Insei (Vine Stalker Transmuter)        Turns: 919, Time: 00:00:51

Health: -1/14      AC:  3    Str: 12    XL:     2   Next: 62%
Magic:  0/6        EV: 12    Int: 13    God:
Gold:   53         SH:  0    Dex: 14    Spells: 1 memorised, 4 levels left

rFire  . . .     SeeInvis .       - Unarmed
rCold  . . .     Gourm    .     b - +0 robe
rNeg   . . .     Faith    .     (no shield)
rPois  .         Spirit   +     (no helmet)
rElec  .         Dismiss  .     (no cloak)
rCorr  .         Reflect  .     (no gloves)
MR     .....     Harm     .     (boots currently unavailable)
Stlth  +.........               (no amulet)
                                (no ring)
                                (no ring)

@: lethally poisoned (-1 -> -6), appendage (expiring)
A: fangs 2, talons 3, magic shield, antimagic bite, no device heal 3, rot
immunity
a: End Transformation


You were on level 2 of the Dungeon.
You were not hungry.
You had grown temporary talons.
You visited 1 branch of the dungeon, and saw 2 of its levels.

You collected 53 gold pieces.

Inventory:

Missiles
 a - 12 arrows
Armour
 b - a +0 robe (worn)
Scrolls
 e - a scroll of random uselessness {unknown}
 j - a scroll of remove curse {unknown}
 l - 2 scrolls of fear {unknown}
Potions
 f - a potion of heal wounds {unknown}
 g - a potion of invisibility {unknown}
 h - a potion of agility {unknown}
 i - a potion of curing {unknown}
Books
 c - a book of Changes

   Spells                             Type                      Level
   a - Beastly Appendage              Transmutation                1
   b - Sticks to Snakes               Transmutation                2
   c - Spider Form                    Transmutation/Poison         3
   d - Ice Form                       Ice/Transmutation            4
   e - Blade Hands                    Transmutation                5
Comestibles
 d - a bread ration
 k - a meat ration
 m - 2 chunks of flesh


   Skills:
 * Level 1.2 Fighting
 + Level 1.5 Dodging
 * Level 3.4 Unarmed Combat
 + Level 2.3 Spellcasting
 * Level 2.2 Transmutations


You had 4 spell levels left.
You knew the following spells:

 Your Spells              Type           Power        Failure   Level  Hunger
a - Beastly Appendage     Tmut           #.....       12%         1    #......


Dungeon Overview and Level Annotations

Branches:
Dungeon (2/15)

Altars:


Innate Abilities, Weirdness & Mutations

You have extremely sharp teeth.
When hurt, damage is shared between your health and your magic reserves.
Your bite disrupts and absorbs the magic of your enemies.
Potions and wands cannot restore your health.
You are immune to rotting.
You have claws for feet.


Message History

You closely miss the adder. You claw the adder. Your bite misses the adder.
The adder is almost dead.
The adder bites you.
* * * LOW HITPOINT WARNING * * *
You are lethally poisoned!
The adder poisons you!
You miss the adder.
The adder is almost dead.
* * * LOW HITPOINT WARNING * * *
You feel sick. The adder bites you but does no damage.
You hit the adder but do no damage. You bite the adder, but do no damage.
The adder is almost dead.
The adder bites you.
* * * LOW HITPOINT WARNING * * *
The adder bites you but does no damage.
You hit the adder but do no damage. You claw the adder, but do no damage.
Your bite misses the adder.
The adder is almost dead.
The adder bites you.
You die...

.# # #. .# #.# .# .# .
## #.##. .##.##.
...######... #....#.
.#........# #..#...
..........# #....##
≈≈##....# #.<...
≈##≈≈###.S###.# #..###
#≈≈#≈≈≈≈.@....## #..#
#≈≈≈≈≈≈##÷######..###..#
≈#≈≈≈#≈≈#.# #.......#
≈≈≈≈≈≈≈≈#.# ##.###.## ≈#
≈#≈≈#.# #.# #.#
#≈≈≈≈≈≈#..# #.# #.#
#≈#≈≈###..# #.# #.#
.##≈#....# #.# #.#
.........# ##.# #.#


You could see an adder.

Vanquished Creatures
  An ooze (D:1)
  A worm (D:2)
  A bat (D:1)
  3 goblins (D:1)
  A frilled lizard (D:2)
  4 rats
11 creatures vanquished.

Notes
Turn   | Place    | Note
-------+----------+-------------------------------------------
     0 | D:1      | Flanowski the Vine Stalker Transmuter began the quest for the Orb.
     0 | D:1      | Reached XP level 1. HP: 9/9 MP: 4/4
   140 | D:1      | Reached skill level 1 in Fighting
   140 | D:1      | Reached XP level 2. HP: 4/14 MP: 1/6
   919 | D:2      | Slain by an adder

Vault maps used:
D:1:      saegor_arrival_simple_c, hangedman_decor_push
D:2:      minivault_4, kennysheep_generic_room_8

Skill      XL: |  1 |
---------------+----+-----
Fighting       | 1 |  1.2
Dodging        | |  1.5
Unarmed Combat | |  3.4
Spellcasting   | |  2.3
Transmutations | |  2.2

Action                   || total
-------------------------++-------
Melee: Unarmed           ||    42
       Kick              ||    12
       Bite              ||    13
       Headbutt          ||     1
 Cast: Beastly Appendage ||    12
 Stab: Sleeping          ||     1
Armor: Robe              ||    10
Dodge: Dodged            ||    13
